 Dungeon Crawl Stone Soup version 0.31-a0-1005-gfbdfbacc72 (webtiles) character file.

Game seed: 5168776220466267201

67 Azuregosa the Sneak (level 4, 0/34 HPs)
             Began as an Octopode Delver on Nov 11, 2023.
             Slain by a quokka (3 damage)
             ... in a sewer.
             The game lasted 00:03:14 (326 turns).

Azuregosa the Sneak (Octopode Delver)                Turns: 326, Time: 00:03:15

Health: 0/34       AC:  1    Str: 11    XL:     4   Next: 18%
Magic:  4/4        EV: 13    Int: 14    God:
Gold:   15         SH:  0    Dex: 13    Spells: 3/3 levels left

rFire   . . .        a - +0 spear
rCold   . . .        (no shield)
rNeg    . . .        (helmet restricted)
rPois   .            (no amulet)
rElec   .            (no ring)
rCorr   .            (no ring)
SInv    .            (no ring)
Will    .....        (no ring)
Stlth   +++++        (no ring)
HPRegen 0.25/turn    (no ring)
MPRegen 0.09/turn    (no ring)
                     (no ring)

%: no passive effects
@: no status effects
A: almost no armour, amphibious, 8 rings, camouflage 1, gelatinous body 1,
nimble swimmer 1, tentacles
a: no special abilities


You were in a sewer.
You visited 1 branch of the dungeon, and saw 1 of its levels.
You also visited: Sewer.

You collected 15 gold pieces.

Inventory:

Hand Weapons
 a - a +0 spear (weapon)
Wands
 f - a wand of digging (2)
Scrolls
 b - a scroll of fog
 d - a scroll of fear
Potions
 c - a potion of curing {unknown}
 e - a potion of haste


   Skills:
 + Level 4.9 Fighting
 - Level 2.0 Polearms
 - Level 2.0 Dodging
 - Level 6.6 Stealth


You had 3 spell levels left.
You didn't know any spells.
Your spell library was empty.

Dungeon Overview and Level Annotations

Branches:
Dungeon (5/15)              Sewer (1/1)
 Temple: D:4-7

Altars:


Innate Abilities, Weirdness & Mutations

You cannot wear most types of armour.
You are amphibious.
You can wear up to eight rings at the same time.
Your skin changes colour to match your surroundings (Stealth+).
Your rubbery body absorbs attacks. (AC +1, EV +1)
You are camouflaged when in or above water. (Stealth+)
You have tentacles for arms and can constrict up to eight enemies at once.


Message History

You miss the adder. Your grab misses the adder.
The adder is lightly wounded.
The quokka misses you. The adder bites you.
You enter the shallow water.
The adder attacks as it pursues you! The adder barely misses you.
The adder closely misses you.
You enter the shallow water.
The quokka twitches its whiskers.
The adder bites you but does no damage.
You see here a quokka corpse.
You enter the shallow water.
The adder misses you.
You hit the adder. You grab the adder.
The adder is moderately wounded.
You constrict the adder. The adder bites you.
* * * LOW HITPOINT WARNING * * *
You hit the adder. You squeeze the adder.
You kill the adder!
You have reached level 4!
You hit the endoplasm.
You kill the endoplasm!
The quokka bites you but does no damage.
You hit the quokka but do no damage. Your grab misses the quokka.
Your squeeze misses the quokka. The quokka misses you. The quokka bites you.
* * * LOW HITPOINT WARNING * * *
You miss the quokka. Your grab misses the quokka.
You squeeze the quokka, but do no damage.
The quokka bites you.
* * * LOW HITPOINT WARNING * * *
The quokka misses you.
You miss the quokka. You grab the quokka. You constrict the quokka.
The quokka splashes around in the water.
The quokka bites you.
* * * LOW HITPOINT WARNING * * *
You hit the quokka. Your grab misses the quokka.
The quokka is lightly wounded.
You constrict the quokka.
The quokka twitches its whiskers.
The quokka misses you. The quokka bites you.
You die...

#~~~##~~~~~~~##~~†#†
##~†##~.~~~~~~.##~~##
#~~~#~~.~.~.~.. #~~~#
#~.##~~~#####.. ##~~#
##~~#†.~## #.~#
#~†.#~~## #~~~
#.~##J~# ###~
#~~#rr## #† #~~#~@#
#~ #~~#~.# #~ #~~#.~#
##~ #†~#†~# #~.
#~.#~~# #~~ #~~#~~##
#.~ #~~##~~# #~~
#~~~#~.## ###~~
##~.#~~~## ###.###


You could see an endoplasm and 2 quokkas.

Vanquished Creatures
  3 adders
  4 endoplasms (Sewer)
  8 giant cockroaches (Sewer)
  10 quokkas (Sewer)
  6 ball pythons (Sewer)
  6 frilled lizards (Sewer)
37 creatures vanquished.

Notes
Turn   | Place    | Note
-------+----------+-------------------------------------------
     0 | D:5      | Azuregosa the Octopode Delver began the quest for the Orb.
     0 | D:5      | Reached XP level 1. HP: 16/16 MP: 1/1
     7 | D:5      | Noticed an iguana
    48 | D:5      | Reached XP level 2. HP: 20/21 MP: 2/2
    48 | D:5      | Found a glowing drain.
    57 | Sewer    | Entered a sewer
   128 | Sewer    | Reached XP level 3. HP: 27/27 MP: 3/3
   322 | Sewer    | Reached XP level 4. HP: 11/34 MP: 4/4
   326 | Sewer    | Slain by a quokka

Illustrated notes

Levels and vault maps discovered:
D:5:      layout_basic, serial_shops, nicolae_shop_hallway_stairs,
          portal_sewer_entry_d, kennysheep_path_1
Sewer:    sewer_frog_island_02

Skill      XL: |  1  2 |
---------------+-------+-----
Fighting       | 4 |  4.9
Polearms       | |  2.0
Dodging        | |  2.0
Stealth        | |  6.6

Action                     |  1- 3 |  4- 6 || total
---------------------------+-------+-------++-------
  Melee: Spear             |    78 |     5 ||    83
         Tentacles         |    21 |     1 ||    22
         Constrict         |    22 |     1 ||    23
  Evoke: Wand              |     1 |       ||     1
    Use: Scroll            |     1 |       ||     1
   Stab: Sleeping          |    18 |       ||    18
 Armour: Skin              |    22 |     5 ||    27
  Dodge: Dodged            |    42 |     3 ||    45

Table legend: (Time is in decaauts)
 A = Elapsed time spent in this place.
 B = Non-inter-level travel time spent in this place.
 C = Inter-level travel time spent in this place.
 D = Time resting spent in this place.
 E = Time spent auto-exploring this place.
 F = Levels seen in this place.
 G = Mean time per level.
                   A        B        C        D        E       F      G
               +--------+--------+--------+--------+--------+-----+--------+
         Total |    325 |    325 |      0 |     67 |     14 |   2 |  162.5 |
       Dungeon |     57 |     57 |      0 |      0 |      0 |   1 |   57.0 |
         Sewer |    268 |    268 |      0 |     67 |     14 |   1 |  268.0 |
               +--------+--------+--------+--------+--------+-----+--------+

Top non-repeatable levels by time:
   Sewer: 268 daAuts
     D:5: 57 daAuts
